 Dungeon Crawl Stone Soup version 0.29.1-15-g9cfb28693d (webtiles) character file.

Game seed: 13464480363717689947

2160 Wiggles the Cleaver (level 9, -3/105 HPs)
             Began as a Minotaur Berserker on Mar 29, 2023.
             Was an Elder of Trog.
             Slain by an orc warlord
             ... wielding a +3 broad axe
              (21 damage)
             ... in a bailey.
             The game lasted 00:12:19 (5385 turns).

Wiggles the Cleaver (Minotaur Berserker)            Turns: 5385, Time: 00:12:19

Health: -3/105     AC: 13    Str: 26    XL:     9   Next: 10%
Magic:  8/8        EV:  9    Int:  4    God:    Trog [****..]
Gold:   474        SH:  0    Dex: 10    Spells: 8/8 levels left

rFire   . . .      SeeInvis .   t - +3 hand axe (vamp)
rCold   . . .      Faith    .   (no shield)
rNeg    + . .      Spirit   .   h - +0 chain mail
rPois   +          Reflect  .   (helmet restricted)
rElec   .          Harm     .   n - +1 cloak
rCorr   .          Rampage  .   b - +1 pair of gloves
Will    .....                   (no boots)
Stlth   ..........              r - amulet of regeneration
HPRegen 1.07/turn               i - ring of poison resistance
MPRegen 0.11/turn               H - ring of positive energy

@: berserking (expiring), very quick
A: horns 2, retaliatory headbutt
a: Renounce Religion, Berserk, Trog's Hand, Brothers in Arms


You were in a bailey.
You worshipped Trog.
Trog was greatly pleased with you.
You visited 1 branch of the dungeon, and saw 7 of its levels.
You also visited: Bailey.

You collected 474 gold pieces.

Inventory:

Hand Weapons
 t - a +3 vampiric hand axe (weapon)
 C - a +0 battleaxe
Missiles
 m - 21 boomerangs (quivered)
Armour
 b - a +1 pair of gloves (worn)
 h - a +0 chain mail (worn)
 n - a +1 cloak (worn)
Jewellery
 i - a ring of poison resistance (left hand)
 o - an amulet of magic regeneration
 r - an amulet of regeneration (around neck)
 y - an amulet of reflection
 H - a ring of positive energy (right hand)
Wands
 a - a wand of polymorph (17)
Scrolls
 d - a scroll of fear {unknown}
 f - a scroll of summoning
 j - 4 scrolls of identify
 l - 4 scrolls of teleportation
 x - 2 scrolls of butterflies
Potions
 c - a potion of magic {unknown}
 e - 6 potions of haste
 g - 5 potions of heal wounds
 k - 2 potions of curing
 s - 2 potions of ambrosia
 u - 4 potions of mutation
 w - a potion of resistance
 z - a potion of cancellation {unknown}
 A - a potion of flight
 B - 2 potions of brilliance {unknown}
 D - 2 potions of might
 G - a potion of berserk rage {unknown}


   Skills:
 - Level 3.6 Fighting
 + Level 11.5 Axes
 + Level 7.0 Throwing
 - Level 2.4 Armour
 - Level 2.1 Dodging
 + Level 2.0 Stealth
 + Level 1.3 Unarmed Combat


You had 8 spell levels left.
You didn't know any spells.
Your spell library was empty.

Dungeon Overview and Level Annotations

Branches:
Dungeon (7/15)             Temple (0/1) D:6          Bailey (1/1)

Altars:
Wu Jian
Xom

Shops:
D:3 (


Innate Abilities, Weirdness & Mutations

You have a pair of horns on your head.
You reflexively headbutt those who attack you in melee.


Message History

The orc warlord is lightly wounded.
The orc warlord hits you with a +3 broad axe!!
You hit the orc warlord.
You feel better.
The orc warlord is lightly wounded.
You hit the orc warlord.
You feel better.
The orc warlord is lightly wounded.
You hit the orc warlord.
You feel better.
The orc warlord is moderately wounded.
The orc warlord hits you but does no damage.
You hit the orc warlord.
You feel better.
The orc warlord is moderately wounded.
You closely miss the orc warlord. You headbutt the orc warlord.
The orc warlord is moderately wounded.
The orc warlord hits you with a +3 broad axe!!
You closely miss the orc warlord.
The orc warlord is moderately wounded.
You slash the orc warlord!
You feel better.
You headbutt the orc warlord!
The orc warlord is heavily wounded.
The orc warlord hits you with a +3 broad axe!!
You closely miss the orc warlord.
The orc warlord is heavily wounded.
You hit the orc warlord but do no damage.
The orc warlord is heavily wounded.
The orc warlord hits you with a +3 broad axe!!
* * * LOW HITPOINT WARNING * * *
You hit the orc warlord but do no damage.
The orc warlord is heavily wounded.
You slash the orc warlord!
You feel better.
The orc warlord is severely wounded.
The orc warlord hits you with a +3 broad axe!!
* * * LOW HITPOINT WARNING * * *
You hit the orc warlord but do no damage.
You punch the orc warlord, but do no damage.
The orc warlord is severely wounded.
You hit the orc warlord.
You feel better.
Your punch misses the orc warlord.
The orc warlord is severely wounded.
You slash the orc warlord! You headbutt the orc warlord!
The orc warlord is almost dead.
The orc warlord hits you with a +3 broad axe!!
You die...

##### ##### ##...## ##...##
##.....## ##.....##
##.......#######..)....##
##..8..8......)....8..8..##
#............@!...........#
#............o............#
#...8......#'''#......8...#
##......####~~~####......##
♣##.....#~~~~~~~~~#.....##♣
♣.##....#~.8...8.~#....##.♣
♣♣..###'###.......###'###..♣♣
♣...~~~.# ~.8...8.~~#.~~~...♣
♣♣...~~~.#~.........~#.~~~...♣


You could see an orc warlord.

Vanquished Creatures
  A steam dragon (D:6)
  An ice beast (D:5)
  A sky beast (D:5)
  6 orc warriors
  A black bear (D:5)
  3 ogres
  A centaur (D:7)
  A bullfrog (D:6)
  A necrophage (D:7)
  A scorpion (D:6)
  A howler monkey (D:3)
  A hound (D:5)
  A jelly (D:6)
  3 orc priests (D:4)
  Crazy Yiuf (D:2)
  Jessica (D:3)
  Ijyb (D:3)
  Natasha (thrice) (D:3)
  2 iguanas
  An orc wizard (D:3)
  3 gnolls (D:5)
  9 adders
  2 white imps (D:6)
  2 worms
  4 dart slugs
  11 orcs
  4 ball pythons
  2 bats (D:2)
  7 endoplasms
  3 giant cockroaches
  11 goblins
  14 hobgoblins
  3 jackals (D:4)
  4 quokkas
  3 frilled lizards
  16 kobolds
  5 rats
135 creatures vanquished.

Vanquished Creatures (others)
  A fungus (D:2)
1 creature vanquished.

Grand Total: 136 creatures vanquished

Notes
Turn   | Place    | Note
-------+----------+-------------------------------------------
     0 | D:1      | Wiggles the Minotaur Berserker began the quest for the Orb.
     0 | D:1      | Reached XP level 1. HP: 19/19 MP: 0/0
   139 | D:1      | Reached skill level 4 in Axes
   212 | D:1      | Reached XP level 2. HP: 26/26 MP: 1/1
   905 | D:2      | Reached skill level 5 in Axes
   948 | D:2      | Reached XP level 3. HP: 31/31 MP: 2/2
  1091 | D:2      | Reached ** piety under Trog
  1113 | D:2      | Found a runed translucent door.
  1114 | D:2      | Noticed Crazy Yiuf
  1121 | D:2      | Killed Crazy Yiuf
  1122 | D:2      | Reached XP level 4. HP: 27/39 MP: 3/3
  1358 | D:2      | Reached skill level 6 in Axes
  1662 | D:3      | Reached skill level 1 in Throwing
  1702 | D:3      | Found Yvo Zenk's Weapon Boutique.
  1703 | D:3      | Noticed Natasha
  1706 | D:3      | Killed Natasha
  1727 | D:3      | Noticed Ijyb
  1743 | D:3      | Killed Ijyb
  1744 | D:3      | Reached XP level 5. HP: 45/45 MP: 4/4
  1807 | D:3      | Noticed Natasha
  1812 | D:3      | Killed Natasha
  1823 | D:3      | Noticed Natasha
  1829 | D:3      | Killed Natasha
  1877 | D:3      | Reached skill level 7 in Axes
  1970 | D:3      | Reached XP level 6. HP: 49/51 MP: 5/5
  2112 | D:3      | Noticed Jessica
  2117 | D:3      | Killed Jessica
  2317 | D:3      | Identified the +2 robe of Toniph {Will+}
  2433 | D:4      | Noticed an orc warrior
  2443 | D:4      | Killed an orc warrior
  2444 | D:4      | Reached skill level 8 in Axes
  2444 | D:4      | Reached XP level 7. HP: 29/57 MP: 6/6
  2446 | D:4      | Reached *** piety under Trog
  2862 | D:5      | Entered Level 5 of the Dungeon
  3007 | D:5      | Found an ornate altar of the Wu Jian Council.
  3137 | D:5      | Reached skill level 5 in Throwing
  3137 | D:5      | Reached skill level 1 in Stealth
  3207 | D:5      | Reached skill level 9 in Axes
  3207 | D:5      | Reached skill level 1 in Unarmed Combat
  3428 | D:5      | Reached XP level 8. HP: 34/64 MP: 7/7
  3904 | D:6      | Found a staircase to the Ecumenical Temple.
  4055 | D:6      | Reached skill level 10 in Axes
  4895 | D:7      | Found a shimmering altar of Xom.
  5074 | D:7      | Found a flagged portal.
  5086 | Bailey   | Entered a bailey
  5105 | Bailey   | Noticed an orc warlord
  5173 | Bailey   | Reached **** piety under Trog
  5177 | Bailey   | Reached skill level 11 in Axes
  5181 | Bailey   | Reached XP level 9. HP: 70/70 MP: 8/8
  5243 | Bailey   | Found a runed translucent gate.
  5244 | Bailey   | Found a runed translucent gate.
  5253 | Bailey   | Found a runed translucent gate.
  5385 | Bailey   | Slain by an orc warlord

Illustrated notes

Levels and vault maps discovered:
D:1:      scummos_arrival_checkerplants, layout_loops_ring
D:2:      layout_rooms, kennysheep_potato, uniq_crazy_yiuf_cottage
D:3:      minmay_razor_zed, layout_rooms, serial_shops, nicolae_shop_stone,
          uniq_jessica, uniq_ijyb, uniq_natasha
D:4:      layout_cave_pools
D:5:      layout_loops_ring, mainiacjoe_overflow_small_starburst, minivault_24
D:6:      layout_basic, minmay_temple_entry_offerings, roderic_roman_lattice,
          nicolae_figureground_pulse
D:7:      layout_basic, xom_butterflies, mainiacjoe_overflow_alcove_4,
          enter_bailey_3, serial_bayou_pond_c, minmay_stone_trees_small,
          minmay_tree_intersection
Bailey:   bailey_axe_bossmonster_kennysheep, bailey

Skill      XL: |  1  2  3  4  5  6  7  8  9 |
---------------+----------------------------+-----
Axes           | 4 5 6 7 8 9 11 | 11.5
Throwing       | 1 2 4 5 6 7 |  7.0
Stealth        | 1 2 |  2.0
Unarmed Combat | 1 |  1.3
Fighting       | |  3.6
Armour         | |  2.4
Dodging        | |  2.1

Action                   |  1- 3 |  4- 6 |  7- 9 || total
-------------------------+-------+-------+-------++-------
Melee: Hand axe          |    49 |    76 |   189 ||   314
       Headbutt          |     9 |    10 |    30 ||    49
       Unarmed           |       |     7 |       ||     7
       Punch             |       |     1 |     6 ||     7
Throw: Boomerang         |     9 |    45 |     6 ||    60
       Javelin           |     6 |       |       ||     6
Invok: Berserk           |     1 |     2 |     3 ||     6
  Use: Scroll            |       |       |    20 ||    20
Armor: Animal skin       |     6 |       |       ||     6
       Chain mail        |    14 |    35 |    76 ||   125
Dodge: Dodged            |    23 |    21 |    64 ||   108
